 Dungeon Crawl Stone Soup version 0.26-a0-812-g31a745ddcd (webtiles) character file.

Game seed: 16873108301878256479

2333 Apogee the Fighter (level 9, -5/101 HPs)
             Began as an Ogre Berserker on Dec 2, 2020.
             Was an Elder of Trog.
             Slain by a sky beast (6 damage)
             ... on level 7 of the Dungeon.
             The game lasted 00:11:28 (10092 turns).

Apogee the Fighter (Ogre Berserker)                Turns: 10092, Time: 00:11:29

Health: -5/101     AC:  3    Str: 26    XL:     9   Next: 42%
Magic:  9/9        EV: 10    Int:  8    God:    Trog [****..]
Gold:   354        SH:  0    Dex:  8    Spells: 8/8 levels left

rFire    . . .     SeeInvis .   D - +2 flail (vorpal)
rCold    . . .     Faith    +   (no shield)
rNeg     . . .     Spirit   .   b - +0 animal skin
rPois    .         Reflect  .   (helmet restricted)
rElec    .         Harm     .   (no cloak)
rCorr    .         Rampage  .   (gloves unavailable)
MR       .....                  (boots unavailable)
Stlth    +.........             e - amulet of faith {!P}
HPRegen  0.26/turn              (no ring)
MPRegen  0.11/turn              (no ring)

@: berserk cooldown, slowed, very slow
A: large, unfitting armour, tough skin 1
a: Berserk, Trog's Hand, Brothers in Arms, Renounce Religion


You were on level 7 of the Dungeon.
You worshipped Trog.
Trog was greatly pleased with you.
You visited 1 branch of the dungeon, and saw 7 of its levels.

You collected 354 gold pieces.

Inventory:

Hand Weapons
 a - a +0 mace
 x - a +0 giant spiked club
   (You took it off an ogre on level 4 of the Dungeon)
 D - a +2 vorpal flail (weapon)
   (You took it off Edmund on level 5 of the Dungeon)
Missiles
 d - 5 silver boomerangs (quivered)
 u - 2 throwing nets {!f}
Armour
 b - a +0 animal skin (worn)
Jewellery
 e - an amulet of faith (around neck) {!P}
   (You found it on level 1 of the Dungeon)
 k - an uncursed ring of stealth {unknown}
   (You found it on level 1 of the Dungeon)
 m - an uncursed ring of fire {unknown}
   (You found it on level 1 of the Dungeon)
 s - an uncursed ring of protection from cold {unknown}
   (You found it on level 3 of the Dungeon)
 v - a +4 ring of evasion {unknown}
   (You found it on level 4 of the Dungeon)
 E - a +4 ring of evasion {unknown}
   (You found it on level 6 of the Dungeon)
 G - an uncursed ring of ice {unknown}
   (You found it on level 6 of the Dungeon)
Scrolls
 f - a scroll of fog {unknown}
 h - 5 scrolls of remove curse {@r2}
 n - a scroll of enchant weapon {unknown}
 o - a scroll of fear {unknown}
 q - a scroll of magic mapping {unknown}
 t - a scroll of teleportation {unknown}
 w - 6 scrolls of identify {unknown}
 y - 2 scrolls of amnesia {unknown}
 z - a scroll of enchant armour {unknown}
 C - a scroll of noise {unknown}
Potions
 c - 2 potions of heal wounds {unknown}
 g - 3 potions of invisibility {unknown}
 i - a potion of haste {unknown}
 j - 2 potions of berserk rage {unknown}
 l - 2 potions of cancellation {unknown}
 p - a potion of attraction {unknown}
 r - 8 potions of curing {@q1}
 A - a potion of lignification {unknown}
 B - 2 potions of mutation {unknown}
 F - a potion of degeneration {unknown}
 H - a potion of ambrosia {unknown}


   Skills:
 + Level 10.0 Fighting
 * Level 9.5 Maces & Flails
 - Level 2.0 Throwing
 - Level 2.6 Dodging


You had 8 spell levels left.
You didn't know any spells.
Your spell library was empty.

Dungeon Overview and Level Annotations

Branches:
Dungeon (7/15)
 Temple: D:4-7

Altars:
Makhleb


Innate Abilities, Weirdness & Mutations

You are too large for most types of armour.
You have tough skin. (AC +1)


Message History

Your base Throwing skill increases to level 2!
You see here an arrow.
Unknown command.
You barely miss the adder. The adder closely misses you.
Unknown command.
You sock the adder!
You kill the adder!
Trog accepts your kill.
Unknown command.
You thump the scorpion! The scorpion stings you.
* * * LOW HITPOINT WARNING * * *
You sock the scorpion!
You kill the scorpion!
Trog accepts your kill.
Your life force feels restored.
Your Fighting skill increases to level 10!
You are no longer berserk.
You are exhausted.
You feel yourself slow down.
You sock the white imp! The white imp hits you.
* * * LOW HITPOINT WARNING * * *
The white imp freezes you.
* * * LOW HITPOINT WARNING * * *
The white imp gestures at you. The puff of frost hits you.
* * * LOW HITPOINT WARNING * * *
You feel better. The white imp gestures at you. The puff of frost hits you.
* * * LOW HITPOINT WARNING * * *
You sock the white imp!
You kill the white imp!
Trog accepts your kill.
You hit the sky beast.
The sky beast hits you but does no damage.
You closely miss the sky beast. The sky beast hits you.
* * * LOW HITPOINT WARNING * * *
The sky beast shocks you.
* * * LOW HITPOINT WARNING * * *
The sky beast hits you.
* * * LOW HITPOINT WARNING * * *
The sky beast shocks you.
* * * LOW HITPOINT WARNING * * *
You sock the sky beast!
The sky beast flickers out of sight!
Deactivating autopickup; reactivate with Ctrl-A.
Something hits you but does no damage. Something hits you.
* * * LOW HITPOINT WARNING * * *
Something shocks you.
You die...

#.........##......# #.
######.........##).....# ##
.................).....##+#####.
######<..##....)...............
################.............
.......... #..#....##.......
.........####..#....##....##.
......)...#(#.##....##.... #.
.⌠.......)†#@#.......#... #..
......†.(.#.#.##.....+.. #..
.........####..#.....# ....
..........# #..#....## ...#.
########### ####....# ..#.#
.....# .....# ....#


There were no monsters in sight!

Vanquished Creatures
  Edmund (D:5)
  An ice beast (D:7)
  A hornet zombie (D:6)
  2 orc warriors
  3 centaurs
  2 ogres
  Blork the orc (D:6)
  4 bullfrogs
  2 jellies
  3 scorpions
  3 wights (D:6)
  A howler monkey (D:5)
  A hound (D:4)
  An orc priest (D:3)
  A gnoll shaman (D:4)
  A bullfrog skeleton (D:7)
  An iguana (D:7)
  7 orc wizards
  A worker ant (D:5)
  A killer bee zombie (D:7)
  A hound zombie (D:6)
  2 hound skeletons
  A howler monkey zombie (D:7)
  3 gnolls (D:4)
  9 adders
  A shadow imp (D:7)
  A white imp (D:7)
  An ufetubus (D:7)
  An adder zombie (D:6)
  An ooze (D:7)
  2 adder skeletons (D:5)
  4 worms
  7 leopard geckos
  27 orcs
  4 giant cockroaches
  9 goblins
  7 hobgoblins
  14 jackals
  10 kobolds
  2 quokkas
  12 bats
  4 frilled lizards
  A quokka skeleton (D:4)
  7 rats
169 creatures vanquished.

Vanquished Creatures (others)
  A leopard gecko (D:7)
  2 plants (D:7)
3 creatures vanquished.

Grand Total: 172 creatures vanquished

Notes
Turn   | Place    | Note
-------+----------+-------------------------------------------
     0 | D:1      | Apogee the Ogre Berserker began the quest for the Orb.
     0 | D:1      | Reached XP level 1. HP: 24/24 MP: 1/1
   218 | D:1      | Reached XP level 2. HP: 27/32 MP: 2/2
   741 | D:1      | Reached XP level 3. HP: 29/40 MP: 3/3
   903 | D:1      | Reached ** piety under Trog
  1762 | D:2      | Reached XP level 4. HP: 49/49 MP: 4/4
  1793 | D:2      | Reached skill level 5 in Fighting
  2235 | D:3      | Noticed a centaur
  2251 | D:3      | Killed a centaur
  2251 | D:3      | Reached XP level 5. HP: 3/58 MP: 5/5
  2646 | D:3      | Found a burning altar of Makhleb.
  2786 | D:3      | Reached skill level 5 in Maces & Flails
  3108 | D:3      | Reached *** piety under Trog
  3263 | D:3      | Reached XP level 6. HP: 58/67 MP: 6/6
  3403 | D:3      | Reached skill level 6 in Fighting
  4704 | D:4      | Reached XP level 7. HP: 68/76 MP: 7/7
  5108 | D:5      | Entered Level 5 of the Dungeon
  5162 | D:5      | Reached skill level 7 in Fighting
  6478 | D:6      | Noticed Edmund
  6506 | D:5      | Killed Edmund
  6546 | D:5      | Reached **** piety under Trog
  6546 | D:5      | Reached XP level 8. HP: 39/88 MP: 8/8
  6806 | D:6      | Reached skill level 8 in Fighting
  8591 | D:6      | Noticed Blork the orc
  8601 | D:6      | Killed Blork the orc
  8624 | D:6      | Reached skill level 9 in Fighting
  9344 | D:6      | Reached XP level 9. HP: 97/98 MP: 9/9
  9858 | D:7      | Reached skill level 1 in Throwing
 10084 | D:7      | Reached skill level 10 in Fighting
 10090 | D:7      | HP: 5/101 [sky beast (5)]
 10092 | D:7      | HP: 1/101 [something (5)]
 10092 | D:7      | Slain by a sky beast

Illustrated notes

Levels and vault maps discovered:
D:1:      lightli_molten_gateway, layout_loops_ring
D:2:      layout_basic
D:3:      minmay_octagon_keep, layout_loops_cross, general_overflow_altar
D:4:      layout_basic, serial_curves, eino_curves_01, eino_curves_03
D:5:      layout_gridville, palyth_stone_intersect
D:6:      layout_cave_pools, serial_column_ruins, column_ruins_square_medium,
          column_ruins_columns_corner, column_ruins_corridor_dead_end,
          column_ruins_grid_4, column_ruins_open_small,
          column_ruins_columns_straight, kennysheep_generic_room_4,
          uniq_blork_the_orc, uniq_edmund
D:7:      layout_gridville, minmay_temple_entry_grid, minmay_misc_feat_room,
          serial_bayou_pond_b, wad_rectangle_vault

Skill      XL: |  1  2  3  4  5  6  7  8  9 |
---------------+----------------------------+-----
Maces & Flails | 3 4 5 7 8 9 |  9.5
Fighting       | 5 6 7 9 10 | 10.0
Throwing       | 2 |  2.0
Dodging        | |  2.6

Action                   |  1- 3 |  4- 6 |  7- 9 || total
-------------------------+-------+-------+-------++-------
Melee: Mace              |   157 |   232 |    78 ||   467
       Flail             |       |       |   156 ||   156
Invok: Berserk           |     1 |     2 |    13 ||    16
  Use: Scroll            |       |     1 |       ||     1
       Potion            |       |       |     3 ||     3
 Stab: Distracted        |       |       |     1 ||     1
Armor: Animal skin       |    62 |    66 |    38 ||   166
Dodge: Dodged            |   109 |   154 |   143 ||   406

Table legend: (Time is in decaauts)
 A = Elapsed time spent in this place.
 B = Non-inter-level travel time spent in this place.
 C = Inter-level travel time spent in this place.
 D = Time resting spent in this place.
 E = Time spent auto-exploring this place.
 F = Levels seen in this place.
 G = Mean time per level.
                   A        B        C        D        E       F      G
               +--------+--------+--------+--------+--------+-----+--------+
         Total |  10318 |  10105 |    213 |   3177 |   5587 |   7 | 1474.0 |
       Dungeon |  10318 |  10105 |    213 |   3177 |   5587 |   7 | 1474.0 |
               +--------+--------+--------+--------+--------+-----+--------+

Top non-repeatable levels by time:
     D:5: 3687 daAuts
     D:3: 1636 daAuts
     D:1: 1568 daAuts
     D:4: 1300 daAuts
     D:6: 1097 daAuts
     D:2: 702 daAuts
     D:7: 325 daAuts
